 Dungeon Crawl Stone Soup version 0.23-a0-151-gf6d1ed2717 (webtiles) character file.

167 MrRokkomies the Insei (level 5, 0/39 HPs)
             Began as a Demigod Transmuter on Sept 8, 2018.
             Slain by an ogre
             ... wielding a +0 giant club
              (13 damage)
             ... on level 3 of the Dungeon.
             The game lasted 00:03:54 (2297 turns).

MrRokkomies the Insei (Demigod Transmuter)          Turns: 2297, Time: 00:03:55

Health: 0/39       AC:  5    Str: 17    XL:     5   Next: 2%
Magic:  10/10      EV: 11    Int: 17    God:
Gold:   141        SH:  0    Dex: 16    Spells: 1/7 levels left

rFire    + . .     SeeInvis .   h - +2 dagger (venom)
rCold    x . .     Gourm    .   (no shield)
rNeg     . . .     Faith    .   i - +0 ring mail
rPois    .         Spirit   .   (no helmet)
rElec    .         Reflect  .   (no cloak)
rCorr    .         Harm     .   (no gloves)
MR       .....                  (no boots)
Stlth    +.........             (no amulet)
HPRegen  0.13/turn              k - +2 ring of strength
MPRegen  0.12/turn              p - ring of fire

@: no status effects
A: high mp 1
a: no special abilities


You were on level 3 of the Dungeon.
You were not hungry.

You visited 1 branch of the dungeon, and saw 3 of its levels.

You collected 141 gold pieces.

Inventory:

Hand Weapons
 h - a +2 dagger of venom (weapon)
Missiles
 a - 24 arrows
 g - 21 bolts
 n - 24 poisoned needles
Armour
 b - a +0 robe
 i - a +0 ring mail (worn)
Jewellery
 k - a +2 ring of strength (left hand)
 p - a ring of fire (right hand)
Scrolls
 l - 3 scrolls of remove curse
 m - 2 scrolls of identify
Potions
 c - a potion of flight
 e - a potion of curing {unknown}
 f - 3 potions of heal wounds {unknown}
 j - a potion of lignification {unknown}
Comestibles
 d - 2 rations


   Skills:
 - Level 0.8 Fighting
 - Level 1.7 Dodging
 * Level 4.2 Unarmed Combat
 - Level 1.7 Spellcasting
 * Level 3.7 Transmutations


You had one spell level left.
You knew the following spells:

 Your Spells              Type           Power        Failure   Level  Hunger
a - Beastly Appendage     Tmut           ##....       8%          1    #......
b - Sticks to Snakes      Tmut           ##......     12%         2    ###....
c - Spider Form           Tmut/Pois      #.........   45%         3    ###....

Your spell library contained the following spells:

 Spells                   Type           Power        Failure   Level  Hunger
 Ice Form                 Ice/Tmut       #.......     86%         4    #####..
 Blade Hands              Tmut           ##........   91%         5    ######.


Dungeon Overview and Level Annotations

Branches:
Dungeon (3/15)


Innate Abilities, Weirdness & Mutations

You have an increased reservoir of magic. (+10% MP)


Message History

The leopard gecko is moderately wounded.
The leopard gecko bites you but does no damage. x2
You hit the leopard gecko.
The leopard gecko looks as sick as possible!
The leopard gecko is severely wounded.
The leopard gecko bites you. x3
You hit the leopard gecko.
You kill the leopard gecko!
The leopard gecko closely misses you.
You hit the ogre.
The ogre is lightly wounded.
The ogre closely misses you.
You hit the ogre.
The ogre is poisoned.
The ogre is lightly wounded.
The ogre hits you with a giant club!!
Ouch! That really hurt!
You barely miss the ogre.
The ogre is moderately wounded.
The ogre hits you with a giant club!
You die...

..# ..# . ..# ... #.#
.... ..# ..... #.
###.##...... .
#........... >
#.#@##......
###.#.#.Ol......
....#.#.#.....## ...
#......)#.....# ..
#.#####.#.#...>.# #.#
#.........#.....# ###.##
######.#.#.....# ......
######.....#...#
.....####<.....#####...#


You could see an ogre and a leopard gecko.

Vanquished Creatures
  A bullfrog skeleton (D:3)
  Jessica (D:2)
  A worker ant zombie (D:2)
  3 adders
  2 worms
  2 dart slugs
  A leopard gecko (D:3)
  5 orcs (D:3)
  8 bats
  2 giant cockroaches (D:2)
  7 goblins
  5 hobgoblins
  2 jackals (D:3)
  A quokka (D:2)
  4 frilled lizards
  5 kobolds
  9 rats
59 creatures vanquished.

Notes
Turn   | Place    | Note
-------+----------+-------------------------------------------
     0 | D:1      | MrRokkomies the Demigod Transmuter began the quest for the
                  | Orb.
     0 | D:1      | Reached XP level 1. HP: 15/15 MP: 5/5
   159 | D:1      | Reached skill level 3 in Unarmed Combat
   246 | D:1      | Reached XP level 2. HP: 17/22 MP: 7/7
   967 | D:2      | Noticed Jessica
   981 | D:2      | Killed Jessica
   981 | D:2      | Reached XP level 3. HP: 6/27 MP: 8/8
  1313 | D:2      | Reached XP level 4. HP: 12/34 MP: 7/9
  1804 | D:3      | Reached skill level 4 in Unarmed Combat
  1940 | D:3      | Learned a level 2 spell: Sticks to Snakes
  1944 | D:3      | Learned a level 3 spell: Spider Form
  2261 | D:3      | Reached XP level 5. HP: 38/39 MP: 10/10
  2288 | D:3      | Noticed an ogre
  2297 | D:3      | Slain by an ogre

Vault maps used:
D:1:      dpeg_arrival_rooms_with_view, serial_forest,
          infiniplex_forest_clump_long, infiniplex_forest_straight_2,
          infiniplex_forest_clump_small, infiniplex_forest_end_double
D:2:      uniq_jessica
D:3:      grunt_ministairs_3, roderic_batcave

Skill      XL: |  1  2  3  4 |
---------------+-------------+-----
Transmutations | 2 3 |  3.7
Unarmed Combat | 3 4 |  4.2
Fighting       | |  0.8
Dodging        | |  1.7
Spellcasting   | |  1.7

Action                   |  1- 3 |  4- 6 || total
-------------------------+-------+-------++-------
Melee: Unarmed           |    22 |       ||    22
       Dagger            |    79 |    86 ||   165
       Kick              |     2 |       ||     2
       Headbutt          |     3 |       ||     3
       Punch             |     1 |     2 ||     3
 Cast: Beastly Appendage |     5 |       ||     5
  Use: Scroll            |     1 |     3 ||     4
 Stab: Sleeping          |     1 |       ||     1
  Eat: Chunk             |     1 |     4 ||     5
Armor: Robe              |     8 |       ||     8
       Ring mail         |    26 |    20 ||    46
Dodge: Dodged            |    65 |    41 ||   106

Table legend:
 A = Non-vault XP
 B = Vault XP
 C = Vault XP percentage of total XP
 D = Non-vault monster count
 E = Vault monster count
 F = Vault count percentage of total count
                 A         B        C        D         E       F
            +---------+---------+-------+---------+---------+-------
      Total |     199 |      40 |  16.7 |      56 |       3 |   5.1
            +---------+---------+-------+---------+---------+-------
        D:1 |      32 |       3 |   8.6 |      20 |       2 |   9.1
        D:2 |      65 |      37 |  36.3 |      19 |       1 |   5.0
        D:3 |     102 |       0 |   0.0 |      17 |       0 |   0.0
            +---------+---------+-------+---------+---------+-------
